 Dungeon Crawl Stone Soup version 0.28.0-1-gb440e238dd (webtiles) character file.

Game seed: 7182533116886836891

19 shoop the Sneak (level 2, 0/11 HPs)
             Began as a Felid Enchanter on Feb 20, 2022.
             Slain by a goblin (5 damage)
             ... on level 1 of the Dungeon.
             The game lasted 00:02:16 (860 turns).

shoop the Sneak (Felid Enchanter)                    Turns: 860, Time: 00:02:16

Health: 0/11       AC:  1    Str:  4    XL:     2   Next: 55%
Magic:  6/6        EV: 17    Int: 22    God:
Gold:   29         SH:  0    Dex: 16    Spells: 5/5 levels left
                                        Lives:  0   Deaths: 0

rFire   . . .      SeeInvis +     - Unarmed
rCold   . . .      Faith    .   (shield unavailable)
rNeg    . . .      Spirit   .   (armour unavailable)
rPois   .          Reflect  .   (helmet unavailable)
rElec   .          Harm     .   (cloak unavailable)
rCorr   .          Rampage  .   (gloves unavailable)
Will    .....                   (boots unavailable)
Stlth   +++.......              (no amulet)
HPRegen 0.03/turn               b - +6 ring of intelligence
MPRegen 0.10/turn               (no ring)

@: quick
A: very small, claws 1, fangs 3, see invisible, speed 1, shaggy fur 1, stealthy
paws, no weapons or thrown items, no armour, multi-lived
a: no special abilities


You were on level 1 of the Dungeon.
You visited 1 branch of the dungeon, and saw 2 of its levels.

You collected 29 gold pieces.

Inventory:

Jewellery
 b - a +6 ring of intelligence (left paw)
Scrolls
 c - a scroll of amnesia {unknown}
Potions
 a - a potion of invisibility
 d - a potion of attraction {unknown}


   Skills:
 - Level 3.0 Dodging
 + Level 4.7 Stealth
 + Level 1.8 Unarmed Combat
 - Level 2.0 Spellcasting
 - Level 4.4 Hexes


You had 5 spell levels left.
You didn't know any spells.
Your spell library contained the following spells:

 Spells                   Type           Power      Damage    Failure   Level
 Confusing Touch          Hex            21%        N/A       7%          3
 Tukima's Dance           Hex            21%        N/A       7%          3
 Ensorcelled Hibernation  Hex/Ice        22%        N/A       9%          2
 Dazzling Flash           Conj/Hex       22%        N/A       17%         3


Dungeon Overview and Level Annotations

Branches:
Dungeon (2/15)

Altars:


Innate Abilities, Weirdness & Mutations

You have sharp claws.
You have razor-sharp teeth.
You have supernaturally acute eyesight. (SInv)
You cover ground quickly. (Speed+)
You are covered in fur. (AC +1)
Your paws help you pounce on unaware monsters.
You are incapable of wielding weapons or throwing items.
You cannot wear armour.
You gain extra lives every three experience levels.


Message History

You now have 29 gold pieces (gained 13).
A kobold comes into view. It is wielding a +0 whip.
The kobold shouts!
You start waiting.
A kobold is nearby!
You scratch the kobold. You bite the kobold.
The kobold is severely wounded.
The kobold barely misses you.
You barely miss the kobold.
The kobold is severely wounded.
You scratch the kobold but do no damage.
You claw the kobold, but do no damage.
The kobold is severely wounded.
The kobold hits you with a +0 whip.
You scratch the kobold.
You kill the kobold!
No target in view!
HP restored.
You see here a +0 whip.
Found a faded altar of an unknown god.
Found a stone staircase leading down.
An endoplasm comes into view.
A goblin and a kobold come into view.
The goblin shouts!
The kobold shouts!
The endoplasm quivers.
You scratch the endoplasm but do no damage.
You bite the endoplasm.
The endoplasm is heavily wounded.
The endoplasm misses you.
You scratch the endoplasm but do no damage.
The endoplasm is heavily wounded.
The endoplasm misses you.
The endoplasm jiggles.
You scratch the endoplasm.
You kill the endoplasm!
The kobold barely misses you.
You closely miss the kobold. The kobold hits you with a +0 whip.
Ouch! That really hurt!
The goblin hits you with a +0 club.
You die...

#. #...P...... ..
####.####.....P.♣.....#####
........#>...P.PP..........
........#...♣♣_P... .......
........#.....PPP. ###.....
......gK....♣.♣.♣..........
.###.#####...P..... #.....
# #Kg......# #.....
#@######## #..... #.##...#
#.#### #.#####.##...# #.#
#.......##...######.####
........................
########.....######.....
#.....# ###### #...###
###### #...# ##.....


You could see a goblin and a kobold.

Vanquished Creatures
  3 endoplasms (D:1)
  2 hobgoblins (D:1)
  6 jackals (D:1)
  A ball python (D:1)
  A bat (D:1)
  2 kobolds (D:1)
  A rat (D:1)
16 creatures vanquished.

Vanquished Creatures (others)
  3 fungi (D:1)
  A plant (D:1)
4 creatures vanquished.

Grand Total: 20 creatures vanquished

Notes
Turn   | Place    | Note
-------+----------+-------------------------------------------
     0 | D:1      | shoop the Felid Enchanter began the quest for the Orb.
     0 | D:1      | Reached XP level 1. HP: 7/7 MP: 4/4
   422 | D:1      | Reached XP level 2. HP: 6/11 MP: 6/6
   842 | D:1      | Found a faded altar of an unknown god.
   860 | D:1      | Slain by a goblin

Illustrated notes

Levels and vault maps discovered:
D:1:      matt_arrival_diagonals, layout_basic, dreamdust_ecumenical_altar_grove
D:2:      layout_basic

Skill      XL: |  1 |
---------------+----+-----
Dodging        | 3 |  3.0
Stealth        | |  4.7
Unarmed Combat | |  1.8
Spellcasting   | |  2.0
Hexes          | |  4.4

Action                   || total
-------------------------++-------
Melee: Unarmed           ||    50
       Bite              ||     6
       Punch             ||     2
  Use: Potion            ||     1
 Stab: Distracted        ||     2
       Sleeping          ||     1
Armor: Skin              ||     4
Dodge: Dodged            ||    42
